[Event "4th ChessMates Murmansk 2020"]
[Site "Murmansk"]
[Date "2020.03.13"]
[Round "2.15"]
[White "Zhuravlev, Aleksandr"]
[Black "Khripachenko, Alexander"]
[Result "1/2-1/2"]
[ECO "B90"]
[WhiteElo "2059"]
[BlackElo "1773"]
[Annotator "ChessBase"]
[PlyCount "78"]
[EventDate "2020.03.13"]
[EventType "team-tourn"]
[EventCountry "RUS"]
[SourceTitle "playchess.com"]
[Source "ChessBase"]
[SourceQuality "1"]
[TimeControl "5400+30"]

1. e4 c5 2. Nf3 d6 3. d4 Nf6 4. Nc3 cxd4 5. Nxd4 a6 6. Be3 e6 7. Bd3 Be7 8. O-O Qc7 9. Kh1 b5 10. f4 Bb7 11. Qf3 Nbd7 12. Rae1 b4 13. Nb1 O-O 14. Nd2 Nc5 15. Bg1 Na4 16. Rb1 Nc5 17. Qe2 Rac8 18. N4b3 Nxd3 19. cxd3 d5 20. e5 Nd7 21. Rbc1 Qb8 22. Bd4 Rxc1 23. Rxc1 Rc8 24. Qe1 Bc6 25. Nc5 Bb5 26. Nxd7 Bxd7 27. Nb3 Ba4 28. Rxc8+ Qxc8 29. Qc1 Qxc1+ 30. Nxc1 g5 31. g3 gxf4 32. gxf4 Kg7 33. b3 Bb5 34. Kg2 Kg6 35. Kf3 Kf5 36. Bb6 f6 37. Bd4 fxe5 38. Bxe5 Bc5 39. h3 h5 1/2-1/2

[Event "4th ChessMates Murmansk 2020"]
[Site "Murmansk"]
[Date "2020.03.13"]
[Round "2.16"]
[White "Morar, Kirill"]
[Black "Kataev, Aleksandr"]
[Result "0-1"]
[ECO "B32"]
[WhiteElo "1271"]
[BlackElo "1978"]
[Annotator "ChessBase"]
[PlyCount "72"]
[EventDate "2020.03.13"]
[EventType "team-tourn"]
[EventCountry "RUS"]
[SourceTitle "playchess.com"]
[Source "ChessBase"]
[SourceQuality "1"]
[TimeControl "5400+30"]

1. e4 c5 2. Nf3 Nc6 3. d4 cxd4 4. Nxd4 e5 5. Nb3 d6 6. Nc3 Nf6 7. Bg5 Be7 8. Bxf6 Bxf6 9. Nd5 O-O 10. Qf3 Be7 11. Bc4 Kh8 12. O-O f5 13. Rad1 fxe4 14. Qxe4 Bf5 15. Qe2 Bg5 16. Ne3 Bg6 17. Qd2 Rf6 18. c3 Qe8 19. Qd5 Rd8 20. Qb5 Bh5 21. Rde1 Qd7 22. Nd2 a6 23. Qb6 d5 24. Nxd5 Bxd2 25. Nxf6 gxf6 26. Re4 Bf4 27. f3 Bg6 28. Ree1 Bf7 29. Bxf7 Qxf7 30. Rd1 Rg8 31. g3 Qh5 32. Rf2 e4 33. Rdf1 Qg5 34. Re2 Bxg3 35. hxg3 Qxg3+ 36. Kh1 Qh3+ 0-1

[Event "4th ChessMates Murmansk 2020"]
[Site "Murmansk"]
[Date "2020.03.13"]
[Round "2.17"]
[White "Poliato, Irina"]
[Black "Abbasov, Aziz"]
[Result "1-0"]
[ECO "A49"]
[WhiteElo "1588"]
[BlackElo "1478"]
[Annotator "NA RC"]
[PlyCount "63"]
[EventDate "2020.03.13"]
[EventType "team-tourn"]
[EventCountry "RUS"]
[SourceTitle "playchess.com"]
[Source "ChessBase"]
[SourceQuality "1"]
[TimeControl "5400+30"]

1. d4 Nf6 2. Nf3 g6 3. g3 Bg7 4. Bg2 d5 5. O-O O-O 6. Re1 c6 7. Nc3 Ne4 8. Nxe4 dxe4 9. Nd2 Bxd4 10. Nxe4 Bf5 11. c3 Bg7 12. Qb3 Qc7 13. Bf4 e5 14. Be3 Nd7 15. Red1 Bxe4 16. Bxe4 Rfd8 17. Bg2 Nb6 18. a4 Nd7 19. Rd2 Nf8 20. Rxd8 Rxd8 21. Bxa7 Qc8 22. Bb6 Rd6 23. a5 Ne6 24. Be3 h5 25. Bh3 Qc7 26. Bxe6 Rxe6 27. Rd1 Rd6 28. Rxd6 Qxd6 29. Qxb7 Qd1+ 30. Kg2 Qxe2 31. Qxc6 Qxb2 32. a6 1-0

[Event "4th ChessMates Murmansk 2020"]
[Site "Murmansk"]
[Date "2020.03.13"]
[Round "2.18"]
[White "Khon, Ilya"]
[Black "Khmil, Fedor"]
[Result "0-1"]
[ECO "B13"]
[WhiteElo "1223"]
[BlackElo "1470"]
[Annotator "NA RC"]
[PlyCount "110"]
[EventDate "2020.03.13"]
[EventType "team-tourn"]
[EventCountry "RUS"]
[SourceTitle "playchess.com"]
[Source "ChessBase"]
[SourceQuality "1"]
[TimeControl "5400+30"]

1. e4 c6 2. d4 d5 3. exd5 cxd5 4. Nf3 Bg4 5. Bd3 Nf6 6. O-O e6 7. h3 Bh5 8. Re1 Be7 9. Bf4 O-O 10. Nbd2 Nc6 11. c3 Rc8 12. Rc1 Qb6 13. Nb3 Na5 14. Be2 Nc4 15. Qc2 Bg6 16. Bd3 Bxd3 17. Qxd3 Nxb2 18. Qe2 Nc4 19. Bg5 h6 20. Bxf6 Bxf6 21. Nc5 Qc6 22. Rb1 b6 23. Nd3 Rc7 24. Nb4 Qa4 25. Rec1 Rfc8 26. Ne5 Nxe5 27. dxe5 Bg5 28. Na6 Rc4 29. Re1 Qxa6 30. Rb3 Qa5 31. Qb2 Rxc3 32. Rxc3 Qxc3 33. Qe2 Qxe1+ 34. Qxe1 Rc1 35. Qxc1 Bxc1 36. Kf1 Bf4 37. g3 Bxe5 38. f4 Bc3 39. Ke2 e5 40. fxe5 Bxe5 41. g4 g6 42. Kd3 f5 43. gxf5 gxf5 44. Ke2 d4 45. Kd3 Kf7 46. Ke2 Kf6 47. Kf3 b5 48. h4 b4 49. h5 a5 50. Ke2 a4 51. Kd2 b3 52. a3 b2 53. Ke2 b1=Q 54. Kf3 Qe4+ 55. Kf2 Qe3+ 0-1

[Event "4th ChessMates Murmansk 2020"]
[Site "Murmansk"]
[Date "2020.03.13"]
[Round "2.19"]
[White "Rombalskiy, Ivan"]
[Black "Yatchenko, Leonid"]
[Result "0-1"]
[ECO "B73"]
[WhiteElo "1298"]
[BlackElo "1705"]
[Annotator "NA"]
[PlyCount "66"]
[EventDate "2020.03.13"]
[EventType "team-tourn"]
[EventCountry "RUS"]
[SourceTitle "playchess.com"]
[Source "ChessBase"]
[SourceQuality "1"]
[TimeControl "5400+30"]

1. e4 c5 2. Nf3 d6 3. d4 cxd4 4. Nxd4 Nf6 5. Nc3 g6 6. Be3 Bg7 7. Be2 Nc6 8. O-O O-O 9. Qd2 d5 10. Nxc6 bxc6 11. Rad1 Bb7 12. Bf3 e6 13. Bg5 Qc7 14. Rfe1 Nd7 15. exd5 cxd5 16. Bf4 Qb6 17. Rb1 Rac8 18. Red1 Ne5 19. Be3 Nxf3+ 20. gxf3 Qa6 21. f4 Rfd8 22. Ne2 d4 23. Nxd4 Bxd4 24. Bxd4 Qc6 25. f3 Qxf3 26. c3 Qh1+ 27. Kf2 Qxh2+ 28. Ke1 Qh1+ 29. Kf2 Qf3+ 30. Ke1 Qh1+ 31. Kf2 Qh4+ 32. Kg1 Qg3+ 33. Kf1 Ba6+ 0-1

[Event "4th ChessMates Murmansk 2020"]
[Site "Murmansk"]
[Date "2020.03.13"]
[Round "2.20"]
[White "Zaytsev, Egor"]
[Black "Ivashevskiy, Artem"]
[Result "0-1"]
[ECO "B13"]
[WhiteElo "1871"]
[BlackElo "1233"]
[Annotator "NA RC"]
[PlyCount "98"]
[EventDate "2020.03.13"]
[EventType "team-tourn"]
[EventCountry "RUS"]
[SourceTitle "playchess.com"]
[Source "ChessBase"]
[SourceQuality "1"]
[TimeControl "5400+30"]

1. e4 c6 2. d4 d5 3. exd5 cxd5 4. c4 Nf6 5. Nc3 Nc6 6. c5 g6 {[%emt 0:00:20] B13: Caro-Kann: Exchange Variation and Panov-Botvinnik Attack.} 7. h3 Bg7 8. Nf3 O-O 9. Bb5 Ne4 10. O-O Nxc3 11. bxc3 Qa5 12. Qb3 {[%emt 0:04:38] [#]} Rd8 $146 ({Predecessor:} 12... a6 13. Bxc6 bxc6 14. Bf4 Bf5 15. Rfe1 Rfe8 16. Ne5 Bxe5 17. Bxe5 Qb5 18. Qa3 a5 {½-½ (45) De Araujo Oliveira,R (2129)-Simao,D (1892) Natal 2013}) 13. Re1 Bxd4 14. Bxc6 Bxc3 15. Bxd5 e6 16. Bc4 Bxa1 17. Bg5 Bg7 18. Bxd8 Qxd8 19. Rd1 Qc7 20. Qb5 Bf8 21. Ng5 Qxc5 22. Qxc5 Bxc5 23. Rd8+ Kg7 24. Nxe6+ fxe6 25. Bxe6 Bxe6 26. Rxa8 Bxa2 27. Rc8 Bb6 28. g4 a5 29. Re8 Bc5 30. Ra8 b6 31. Ra7+ Bf7 32. g5 Kf8 33. Kg2 Be7 34. Ra6 Bd8 35. Kg3 b5 36. Ra8 Ke8 37. Kf4 b4 38. Ke5 Kd7 39. Ra7+ Bc7+ 40. Kf6 Bd5 41. Kg7 b3 42. f4 b2 43. f5 gxf5 44. Kxh7 b1=Q 45. g6 f4 46. h4 f3 47. h5 f2 48. Kh8 f1=Q 49. g7 Qf6 0-1

[Event "4th ChessMates Murmansk 2020"]
[Site "Murmansk"]
[Date "2020.03.13"]
[Round "2.23"]
[White "Rachid, Alexandre"]
[Black "Putar, Leon"]
[Result "1-0"]
[ECO "C15"]
[WhiteElo "2099"]
[BlackElo "1885"]
[Annotator "ChessBase"]
[PlyCount "93"]
[EventDate "2020.03.13"]
[EventType "team-tourn"]
[EventCountry "RUS"]
[SourceTitle "playchess.com"]
[Source "ChessBase"]
[SourceQuality "1"]
[TimeControl "5400+30"]

1. e4 e6 2. d4 d5 3. Nc3 Bb4 4. a3 Bxc3+ 5. bxc3 dxe4 6. Qg4 Nf6 7. Qxg7 Rg8 8. Qh6 Rg6 9. Qe3 c5 10. Ne2 Nc6 11. Bb2 Ne7 12. Ng3 Ned5 13. Qd2 Qc7 14. Rd1 e3 15. Bb5+ Bd7 16. Bxd7+ Kxd7 17. Qe2 Ng4 18. fxe3 Ngxe3 19. Rd2 c4 20. Qf3 Rf6 21. Qe4 Rg8 22. Nf1 Rf4 23. Qxh7 Nxg2+ 24. Kd1 Rg6 25. Kc1 Kc6 26. Qh8 Rgf6 27. Ng3 Nge3 28. Qe8+ Kb6 29. Kb1 a6 30. Re1 Ka7 31. Rde2 Rf3 32. Ne4 Qb6 33. Ka2 R6f4 34. Nc5 Nf6 35. Qc8 Ned5 36. Rb1 Rxc3 37. Na4 Qa5 38. Bxc3 Nxc3+ 39. Nxc3 b5 40. Qc5+ Ka8 41. Qf8+ Ka7 42. Qxf7+ Ka8 43. Rxe6 Rf2 44. Qf8+ Kb7 45. Re7+ Kc6 46. Qc8+ Kd6 47. Qe6# 1-0

[Event "4th ChessMates Murmansk 2020"]
[Site "Murmansk"]
[Date "2020.03.13"]
[Round "2.26"]
[White "Solovyev, Vladislav B."]
[Black "Kien, Clovis"]
[Result "1-0"]
[ECO "B20"]
[WhiteElo "1410"]
[BlackElo "1765"]
[Annotator "NA"]
[PlyCount "61"]
[EventDate "2020.03.13"]
[EventType "team-tourn"]
[EventCountry "RUS"]
[SourceTitle "playchess.com"]
[Source "ChessBase"]
[SourceQuality "1"]
[TimeControl "5400+30"]

1. e4 c5 2. g3 Nc6 3. Bg2 d6 4. d3 e6 5. f4 g6 6. c3 Bg7 7. Nf3 Nge7 8. Be3 f5 9. Nbd2 O-O 10. O-O b6 11. Re1 Ba6 12. Ng5 Qd7 13. exf5 Nxf5 14. Nxe6 Qxe6 15. Bxc6 Rac8 16. Qf3 Ne7 17. Bb7 Bxb7 18. Qxb7 Qf6 19. Ne4 Qe6 20. Ng5 Qf6 21. Bf2 Nf5 22. Re6 Qd8 23. g4 Nh6 24. Qd5 Kh8 25. Rxd6 Qe8 26. Re1 Qb5 27. Re7 Rxf4 28. Rxg7 Rxg4+ 29. Bg3 Kxg7 30. Rd7+ Kf8 31. Nxh7+ 1-0

[Event "4th ChessMates Murmansk 2020"]
[Site "Murmansk"]
[Date "2020.03.13"]
[Round "2.27"]
[White "Gherghinoiu, Lucas"]
[Black "Iarovoi, Dmitrii"]
[Result "1-0"]
[ECO "C02"]
[WhiteElo "2109"]
[BlackElo "1346"]
[Annotator "ChessBase"]
[PlyCount "75"]
[EventDate "2020.03.13"]
[EventType "team-tourn"]
[EventCountry "RUS"]
[SourceTitle "playchess.com"]
[Source "ChessBase"]
[SourceQuality "1"]
[TimeControl "5400+30"]

1. e4 e6 2. d4 d5 3. e5 c5 4. c3 Qb6 5. Nf3 Nc6 6. a3 Nge7 7. b4 cxd4 8. cxd4 Nf5 9. Be3 Bd7 10. Bd3 Nxe3 11. fxe3 Rc8 12. O-O h6 13. Nbd2 Be7 14. Nb3 O-O 15. Ra2 a5 16. b5 Nb8 17. a4 Rc3 18. Nc1 Ra3 19. Rxa3 Bxa3 20. Ne2 Rc8 21. Bb1 Bf8 22. h4 h5 23. Qd3 g6 24. Ng5 Be8 25. Nf4 Bg7 26. g4 Bh6 27. gxh5 Bxg5 28. hxg5 Rc7 29. hxg6 fxg6 30. Nxg6 Rf7 31. Rxf7 Bxf7 32. Nf4 Qd8 33. Qh7+ Kf8 34. Qh6+ Ke7 35. g6 Qg8 36. Kf2 Be8 37. Qh7+ Kf8 38. g7+ 1-0

[Event "4th ChessMates Murmansk 2020"]
[Site "Murmansk"]
[Date "2020.03.13"]
[Round "2.28"]
[White "Pereverzev, Valerii"]
[Black "Fougerat, Emma"]
[Result "1/2-1/2"]
[ECO "B76"]
[WhiteElo "1379"]
[BlackElo "1668"]
[Annotator "NA RC"]
[PlyCount "55"]
[EventDate "2020.03.13"]
[EventType "team-tourn"]
[EventCountry "RUS"]
[SourceTitle "playchess.com"]
[Source "ChessBase"]
[SourceQuality "1"]
[TimeControl "5400+30"]

1. e4 c5 2. Nf3 d6 3. d4 cxd4 4. Nxd4 Nf6 5. Nc3 g6 6. Be3 Bg7 7. f3 O-O 8. Bc4 a6 9. Bb3 Nc6 10. Qd2 Bd7 11. O-O-O b5 12. Nxc6 Bxc6 13. Bh6 a5 14. Bxg7 Kxg7 15. Bd5 Bxd5 16. Nxd5 Nxd5 17. exd5 Qc7 18. h4 h5 19. g4 Rh8 20. Rde1 Rac8 21. Kb1 b4 22. g5 Rhe8 23. Rh2 Qc4 24. Rd1 Rc5 25. f4 Qe4 26. Qd4+ Qxd4 27. Rxd4 Rec8 28. Rhd2 1/2-1/2

[Event "4th ChessMates Murmansk 2020"]
[Site "Murmansk"]
[Date "2020.03.13"]
[Round "2.30"]
[White "Bueckert, Lucy"]
[Black "Ider, Bayar"]
[Result "0-1"]
[ECO "A03"]
[WhiteElo "1302"]
[BlackElo "1730"]
[Annotator "NA"]
[PlyCount "34"]
[EventDate "2020.03.13"]
[EventType "team-tourn"]
[EventCountry "RUS"]
[SourceTitle "playchess.com"]
[Source "ChessBase"]
[SourceQuality "1"]
[TimeControl "5400+30"]

1. f4 d5 2. Nf3 Nf6 3. e3 e6 4. b3 Bd6 5. Bb2 Nbd7 6. Be2 c5 7. d3 Qc7 8. Nbd2 e5 9. fxe5 Nxe5 10. O-O Neg4 11. Qe1 Bxh2+ 12. Kh1 Bg3 13. Qc1 Nf2+ 14. Kg1 N6g4 15. Rxf2 Bxf2+ 16. Kf1 Qg3 17. Bxg7 Nxe3# 0-1

[Event "4th ChessMates Murmansk 2020"]
[Site "Murmansk"]
[Date "2020.03.14"]
[Round "3.2"]
[White "Vaino, Nikita"]
[Black "Goss, Alex"]
[Result "0-1"]
[ECO "A10"]
[WhiteElo "1788"]
[BlackElo "1811"]
[Annotator "NA RC"]
[PlyCount "34"]
[EventDate "2020.03.13"]
[EventType "team-tourn"]
[EventCountry "RUS"]
[SourceTitle "playchess.com"]
[Source "ChessBase"]
[SourceQuality "1"]
[TimeControl "5400+30"]

1. c4 f5 2. Nc3 Nf6 3. d3 e5 4. g3 Bb4 5. Bg2 O-O 6. Qb3 c5 7. Nf3 Nc6 8. O-O Bxc3 9. Qxc3 d6 10. a3 a5 11. e3 Qe8 12. Rd1 (12. b3 $11) 12... Qh5 13. Qd2 $2 {[%emt 0:11:13] [#]} (13. Rf1 $17 {is a better defense.}) 13... f4 $1 14. Nh4 g5 15. Bxc6 bxc6 16. Ng2 (16. exf4 $142 gxh4 17. Re1) 16... Qh3 17. exf4 Ng4 $19 0-1

[Event "4th ChessMates Murmansk 2020"]
[Site "Murmansk"]
[Date "2020.03.14"]
[Round "3.4"]
[White "Nikitin, Arseni EST"]
[Black "Timoshenko, Fedor"]
[Result "1-0"]
[ECO "C26"]
[WhiteElo "1680"]
[BlackElo "1621"]
[Annotator "NA RC"]
[PlyCount "39"]
[EventDate "2020.03.13"]
[EventType "team-tourn"]
[EventCountry "RUS"]
[SourceTitle "playchess.com"]
[Source "ChessBase"]
[SourceQuality "1"]
[TimeControl "5400+30"]

1. e4 e5 2. Nc3 Nf6 3. f4 d6 4. Nf3 Nc6 5. d3 Bg4 6. h3 Bxf3 7. Qxf3 Qd7 8. g4 Nd4 9. Qf2 Be7 10. Be3 c5 11. O-O-O O-O-O 12. g5 Ng8 13. h4 h6 14. Bh3 Ne6 15. f5 Nxg5 16. hxg5 Bxg5 17. f6 Bxe3+ 18. Qxe3 Nxf6 19. Bxd7+ Rxd7 20. Rdg1 1-0

[Event "4th ChessMates Murmansk 2020"]
[Site "Murmansk"]
[Date "2020.03.14"]
[Round "3.5"]
[White "Putar, Lara"]
[Black "Rikas, Artur"]
[Result "1-0"]
[ECO "A68"]
[WhiteElo "1799"]
[BlackElo "1580"]
[Annotator "NA RC"]
[PlyCount "49"]
[EventDate "2020.03.13"]
[EventType "team-tourn"]
[EventCountry "RUS"]
[SourceTitle "playchess.com"]
[Source "ChessBase"]
[SourceQuality "1"]
[TimeControl "5400+30"]

1. d4 Nf6 2. c4 c5 3. d5 e6 4. Nc3 exd5 5. cxd5 d6 6. e4 g6 7. f4 Bg7 8. Nf3 O-O 9. Be2 a6 10. a4 Re8 11. Qc2 Nbd7 12. O-O Rb8 13. Bd2 c4 14. Bxc4 Nc5 15. e5 Bf5 16. Qd1 Nfe4 17. Be3 Nxc3 18. bxc3 b5 19. axb5 axb5 20. Bxc5 dxc5 21. Ba2 Qb6 22. d6 Ra8 23. Bxf7+ Kxf7 24. Rxa8 c4+ 25. Kh1 1-0

[Event "4th ChessMates Murmansk 2020"]
[Site "Murmansk"]
[Date "2020.03.14"]
[Round "3.6"]
[White "Myskovski, Deniss"]
[Black "Solovyev, Vladislav B."]
[Result "0-1"]
[ECO "C50"]
[WhiteElo "1205"]
[BlackElo "1410"]
[Annotator "NA RC"]
[PlyCount "96"]
[EventDate "2020.03.13"]
[EventType "team-tourn"]
[EventCountry "RUS"]
[SourceTitle "playchess.com"]
[Source "ChessBase"]
[SourceQuality "1"]
[TimeControl "5400+30"]

1. e4 e5 2. Bc4 Nc6 3. Nf3 Bc5 4. Nc3 d6 5. h3 Nf6 6. d3 Be6 7. Bg5 h6 8. Bxf6 Qxf6 9. Nd5 Bxd5 10. Bxd5 Nd4 11. O-O Nxf3+ 12. Qxf3 Qxf3 13. gxf3 c6 14. Bb3 g5 15. Kg2 Ke7 16. Rh1 Rag8 17. Rag1 Rg6 18. Kf1 Rhg8 19. Rg2 b5 20. c3 a5 21. Bc2 b4 22. c4 Bd4 23. b3 Rf6 24. Bd1 d5 25. Rhh2 dxc4 26. bxc4 Ra8 27. h4 gxh4 28. Rxh4 a4 29. Rg7 b3 30. a3 b2 31. Bc2 Rxf3 32. Rh2 Rb8 33. Ke2 Rf6 34. Rg1 c5 35. Rb1 Rfb6 36. Rh3 Rb3 37. Rxh6 Rxa3 38. Ra6 Rc3 39. Ra7+ Kf8 40. Kd2 a3 41. Rh1 Rb6 42. Bb1 Rf6 43. Ra8+ Kg7 44. Rg1+ Rg6 45. Rxg6+ fxg6 46. Ra7+ Kh6 47. Ba2 Rc1 48. Rxa3 b1=Q 0-1

[Event "4th ChessMates Murmansk 2020"]
[Site "Murmansk"]
[Date "2020.03.14"]
[Round "3.7"]
[White "Iarovoi, Dmitrii"]
[Black "Blokhin, Sofia"]
[Result "0-1"]
[ECO "B40"]
[WhiteElo "1346"]
[BlackElo "1854"]
[Annotator "NA RC"]
[PlyCount "56"]
[EventDate "2020.03.13"]
[EventType "team-tourn"]
[EventCountry "RUS"]
[SourceTitle "playchess.com"]
[Source "ChessBase"]
[SourceQuality "1"]
[TimeControl "5400+30"]

1. e4 c5 2. Nf3 e6 3. c3 Nc6 4. Bb5 a6 5. Bxc6 bxc6 6. O-O {[%emt 0:00:13] B30: Sicilian: 2...Nc6 3 Bb5, lines without ...g6.} d5 7. e5 Ne7 8. d4 Ng6 9. Be3 cxd4 10. cxd4 Be7 {[%emt 0:00:24] [#]} 11. Qc2 $146 ({Predecessor:} 11. Nbd2 O-O 12. Rc1 Qb6 13. Nb3 a5 14. Qc2 Ba6 15. Rfe1 Rab8 16. Rb1 Bc4 17. Nc5 Bxa2 {0-1 (44) Calvo Nobrega,J-Correa Hernandez,S (1899) Tenerife 2001}) 11... Bd7 12. Nbd2 O-O 13. a3 Rb8 14. Ne1 {[%emt 0:02:23] [#]} c5 $1 15. dxc5 Bb5 16. Nd3 $2 (16. Ndf3 $1 $11) 16... d4 17. Nc4 dxe3 18. fxe3 Qd5 19. b3 Bxc5 20. Rae1 Ba7 21. Ndb2 Bxc4 22. Nxc4 Nxe5 23. Nxe5 Qxe5 24. Kh1 Rbc8 25. Qe2 Qb5 26. Qg4 {[%emt 0:00:35] [#]} Bxe3 $1 {[%emt 0:00:59] Back Rank} 27. Rf3 Bh6 28. Rh3 Qg5 $19 0-1

[Event "4th ChessMates Murmansk 2020"]
[Site "Murmansk"]
[Date "2020.03.14"]
[Round "3.8"]
[White "Smirnova, Jekaterina"]
[Black "Pereverzev, Valerii"]
[Result "1-0"]
[ECO "A18"]
[WhiteElo "1439"]
[BlackElo "1379"]
[Annotator "NA RC"]
[PlyCount "25"]
[EventDate "2020.03.13"]
[EventType "team-tourn"]
[EventCountry "RUS"]
[SourceTitle "playchess.com"]
[Source "ChessBase"]
[SourceQuality "1"]
[TimeControl "5400+30"]

1. c4 e6 2. Nc3 Nf6 3. e4 d5 4. cxd5 exd5 5. exd5 Nxd5 6. Bc4 Nxc3 7. bxc3 c5 8. Nf3 Be7 9. O-O O-O 10. Ne5 Bf6 11. Re1 Qc7 12. Nxf7 Rxf7 13. Re8# 1-0

[Event "4th ChessMates Murmansk 2020"]
[Site "Murmansk"]
[Date "2020.03.14"]
[Round "3.16"]
[White "Kien, Clovis"]
[Black "Morar, Kirill"]
[Result "1/2-1/2"]
[ECO "D91"]
[WhiteElo "1765"]
[BlackElo "1271"]
[Annotator "NA RC"]
[PlyCount "64"]
[EventDate "2020.03.13"]
[EventType "team-tourn"]
[EventCountry "RUS"]
[SourceTitle "playchess.com"]
[Source "ChessBase"]
[SourceQuality "1"]
[TimeControl "5400+30"]

1. d4 Nf6 2. c4 g6 3. Nc3 d5 4. Nf3 Bg7 5. Bg5 Ne4 6. cxd5 Nxc3 7. bxc3 Qxd5 8. h3 Qa5 9. Qd2 c5 10. e3 Nc6 11. Be2 Be6 12. O-O Bd5 13. Qc2 cxd4 14. cxd4 Bxf3 15. Bxf3 Nxd4 16. exd4 Qxg5 17. Bxb7 Rd8 18. Qc7 O-O 19. Rae1 e6 20. d5 exd5 21. Re7 Bf6 22. Rd7 Be5 23. Qc6 Rxd7 24. Qxd7 Rd8 25. Qb5 d4 26. Qa4 a5 27. Kh1 Bf4 28. Rd1 Bd2 29. Qc4 Bc3 30. Rd3 Qc1+ 31. Kh2 Qf4+ 32. Kg1 Qc1+ 1/2-1/2

[Event "4th ChessMates Murmansk 2020"]
[Site "Murmansk"]
[Date "2020.03.14"]
[Round "3.18"]
[White "Fougerat, Emma"]
[Black "Khon, Ilya"]
[Result "1-0"]
[ECO "A13"]
[WhiteElo "1668"]
[BlackElo "1223"]
[Annotator "NA RC"]
[PlyCount "55"]
[EventDate "2020.03.13"]
[EventType "team-tourn"]
[EventCountry "RUS"]
[SourceTitle "playchess.com"]
[Source "ChessBase"]
[SourceQuality "1"]
[TimeControl "5400+30"]

1. c4 e6 2. g3 d5 3. Bg2 Nf6 4. Nf3 c5 5. cxd5 exd5 6. d4 h6 7. dxc5 Bxc5 8. O-O O-O 9. a3 Be6 10. b4 Bb6 11. Bb2 Nc6 12. Nbd2 Qe7 13. Nb3 Ne4 14. Nbd4 Rfd8 15. Rc1 a6 16. Nxc6 bxc6 17. Rxc6 Ba7 18. e3 Qb7 19. Rc1 Rac8 20. Nd4 Rxc1 21. Qxc1 Rc8 22. Qa1 Nd2 23. Rd1 Bxd4 24. Bxd4 Nb3 25. Qb2 Nxd4 26. Qxd4 Bg4 27. Qxg4 Rc3 28. Bxd5 1-0

[Event "4th ChessMates Murmansk 2020"]
[Site "Murmansk"]
[Date "2020.03.14"]
[Round "3.19"]
[White "Yatchenko, Leonid"]
[Black "Matsumura, Cocoro"]
[Result "1/2-1/2"]
[ECO "B53"]
[WhiteElo "1705"]
[BlackElo "1896"]
[Annotator "NA RC"]
[PlyCount "108"]
[EventDate "2020.03.13"]
[EventType "team-tourn"]
[EventCountry "RUS"]
[SourceTitle "playchess.com"]
[Source "ChessBase"]
[SourceQuality "1"]
[TimeControl "5400+30"]

1. e4 c5 2. Nf3 d6 3. d4 cxd4 4. Qxd4 Nc6 5. Bb5 Bd7 6. Bxc6 Bxc6 7. Nc3 e5 8. Qd3 h6 9. Nd2 {[%emt 0:00:04] B53: Sicilian: 2...d6: Lines with Qxd4.} Nf6 10. Nc4 Be7 11. Ne3 {[%emt 0:00:13] [#]} Qd7 $146 ({Predecessor:} 11... O-O 12. O-O Re8 13. a4 a6 14. a5 b5 15. axb6 Qxb6 16. Ncd5 Nxd5 17. Nxd5 Bxd5 18. Qxd5 {½-½ (18) Zvjaginsev,V (2643)-Navara,D (2708) Rijeka 2010}) 12. Ncd5 Bxd5 13. Nxd5 Nxd5 14. Qxd5 Rc8 15. Qd3 Rc6 16. Be3 Bg5 17. O-O-O Bxe3+ 18. Qxe3 O-O 19. f3 Rfc8 20. Rd2 Ra6 21. Kb1 Rc4 22. b3 Qb5 23. Rd5 Qb4 24. Qc1 Rcc6 25. Rhd1 b5 26. Qb2 Ra5 27. c3 ({Better is} 27. Rc1 $16) 27... Rxc3 28. Rxd6 $2 {[%emt 0:00:09] [#]} (28. Rc1 $11 {and White has nothing to worry.} Rxc1+ 29. Qxc1) 28... Ra3 $1 29. R6d5 {[%emt 0:00:27] [#]} Raxb3 $1 30. axb3 Rxb3 31. R1d2 ({Much worse is} 31. Rd8+ Kh7) 31... a5 $2 (31... Rxb2+ $19 32. Rxb2 Qe1+ 33. Ka2 b4 34. Rxe5 Qc3 35. Re8+ Kh7) 32. Qxb3 ({Don't blunder} 32. Rd8+ $2 Kh7 $19) 32... Qxb3+ 33. Rb2 Qc4 34. Rdxb5 a4 35. Rb8+ Kh7 36. Rc2 Qd3 37. Rbc8 Qb3+ 38. Rb2 Qd3+ 39. Ka2 Kg6 40. Rc6+ Kg5 41. Rc7 h5 42. h3 Kh4 43. Rc6 Kg3 44. Rc7 g5 45. Rc8 f5 46. exf5 Qxf5 47. Rc4 Qd7 $11 (47... Qf7 $5 48. Rbc2 $8 {[#]} g4 $1 $11 ) 48. Rcb4 Qd1 49. Re4 Qd5+ 50. Ka3 Qa5 51. Rxa4 Qc3+ 52. Ka2 Qc5 53. Re4 Qa5+ 54. Kb1 Qd5 1/2-1/2

[Event "4th ChessMates Murmansk 2020"]
[Site "Murmansk"]
[Date "2020.03.14"]
[Round "3.20"]
[White "Ider, Bayar"]
[Black "Zaytsev, Egor"]
[Result "1-0"]
[ECO "A44"]
[WhiteElo "1730"]
[BlackElo "1871"]
[Annotator "NA RC"]
[PlyCount "109"]
[EventDate "2020.03.13"]
[EventType "team-tourn"]
[EventCountry "RUS"]
[SourceTitle "playchess.com"]
[Source "ChessBase"]
[SourceQuality "1"]
[TimeControl "5400+30"]

1. d4 c5 2. d5 e5 3. e4 d6 4. Bb5+ Bd7 5. Bxd7+ Nxd7 6. c4 {[%emt 0:00:41] A44: Semi-Benoni.} g6 7. Nc3 a6 {[%emt 0:00:13] [#]} 8. a4 $146 ({Predecessor:} 8. Nh3 Bh6 9. O-O Bxc1 10. Qxc1 Qh4 11. Rb1 Ngf6 12. Qg5 Qxg5 13. Nxg5 h6 14. Nf3 {1-0 (58) Jaeger,A (2149)-Gruzmann,B (2271) Berlin 2005}) 8... Bg7 9. Nf3 Ne7 10. Bg5 h6 11. Be3 O-O 12. Qd2 Kh7 13. Qc2 f5 14. h4 Kg8 15. a5 Nf6 16. Bd2 fxe4 17. Nxe4 Nf5 18. b4 Nd4 19. Nxd4 exd4 20. O-O d3 21. Qxd3 Nxe4 22. Qxe4 Bxa1 23. Qe6+ ({Not} 23. Qxg6+ $2 Bg7 $19) (23. Rxa1 $5 Qf6 24. Rf1 $11) 23... Kh7 24. Rxa1 Qf6 (24... cxb4 $15 25. Bxb4 Qf6 26. Qxf6 Rxf6) 25. Qxf6 Rxf6 26. bxc5 dxc5 27. Be3 Rc8 28. Rb1 Rc7 29. d6 (29. Kf1 $16) 29... Rxd6 $2 (29... Rd7 $15 {keeps the upper hand.} 30. Bxc5 Rf4) 30. Bf4 Rdd7 31. Bxc7 Rxc7 32. Rb6 Kg7 33. g4 g5 (33... Rd7 $16 34. h5 g5) 34. h5 Kh7 35. Kg2 Rf7 36. Kg3 Kg7 37. f3 Kh7 38. Kf2 Kg7 39. Ke3 Re7+ 40. Kd3 Kh7 41. Rd6 Kg7 42. Rd5 Rc7 (42... Rf7 {was worth a try.} 43. Ke4 Rf4+ 44. Ke5 Rxc4 45. Rd7+ {[%mdl 64] Double Attack} Kg8 46. Rxb7 Ra4) 43. Ke4 Re7+ 44. Re5 Rc7 45. Kd5 Kf7 46. Re6 Rd7+ 47. Rd6 Ke7 48. Rxd7+ Kxd7 49. Kxc5 Kc7 50. Kd5 b6 51. axb6+ Kxb6 52. Kd6 Kb7 53. c5 Kc8 54. Kc6 Kd8 55. Kb7 1-0